 Dungeon Crawl Stone Soup version 0.32-a0-913-g739538afd8 (webtiles) character file.

Game seed: 17614553326035998832

57792 Bediveer the Marksvampire (level 14, 0/111 HPs)
             Began as a Vampire Hunter on Apr 8, 2024.
             Was an Initiate of Gozag.
             Slain by Saint Roka
             ... wielding a +3 battleaxe of flaming
              (1 damage)
             ... on level 1 of the Orcish Mines on Apr 9, 2024.
             The game lasted 00:31:21 (18491 turns).

Bediveer the Marksvampire (Vampire Hunter)         Turns: 18491, Time: 00:31:21

Health: 0/111      AC: 18    Str:  9 (10) XL:     14   Next: 47%
Magic:  5/5        EV: 15    Int: 11 (13) God:    Gozag
Gold:   1836       SH:  0    Dex: 31 (33) Spells: 13/13 levels left

rFire   + + +        M - +2 arbalest (heavy)
rCold   + . .        (shield currently unavailable)
rNeg    . . .        B - +3 scale mail of Xutai {rF+ MP-9 Dex+3}
rPois   +            E - +2 helmet {SInv}
rElec   +            (no cloak)
rCorr   +            F - +1 pair of gloves {Dex+3}
SInv    +            s - +0 pair of boots
Will    +++..        P - amulet of Zuofua {rF+ Will+ Regen+}
Stlth   +            A - ring of willpower
HPRegen 1.38/turn    r - +6 ring of dexterity
MPRegen 0.09/turn

%: no passive effects
@: resistant, attractive, healing quickly
A: alive, fangs 3, see invisible, vampiric 2
a: Exsanguinate, Renounce Religion, Potion Petition, Call Merchant, Bribe Branch


You were on level 1 of the Orcish Mines.
You worshipped Gozag.
Gozag was most pleased with you.
You visited 4 branches of the dungeon, and saw 19 of its levels.
You also visited: Gauntlet.

You collected 5274 gold pieces.
You spent 1221 gold pieces at shops.
You paid 2217 gold pieces to Gozag.

Inventory:

Hand Weapons
 a - a +0 shortbow
 l - a +2 orcbow of flaming
 M - a +2 heavy arbalest (weapon)
Missiles
 p - 2 curare-tipped darts (quivered)
Armour
 s - a +0 pair of boots (worn)
 B - the +3 scale mail of Xutai (worn) {rF+ MP-9 Dex+3}
   (You found it on level 9 of the Dungeon)

   Dex+3:     It affects your dexterity (+3).
   rF+:       It protects you from fire.
   MP-9:      It affects your magic capacity (-9).
 E - a +2 helmet of see invisible (worn)
 F - a +1 pair of gloves of dexterity (worn)
Jewellery
 b - an amulet of faith
 c - a +6 ring of intelligence
 g - an amulet of regeneration
 n - a +6 ring of strength
 r - a +6 ring of dexterity (right hand)
 u - an amulet of guardian spirit
 x - a +4 ring of protection
 A - a ring of willpower (left hand)
 I - a ring of poison resistance
 N - a ring of wizardry
 P - the amulet of Zuofua (around neck) {rF+ Will+ Regen+}
   (You bought it in a shop on level 1 of the Lair of Beasts)

   [amulet of regeneration]

   rF+:       It protects you from fire.
   Will+:     It increases your willpower.
   Regen+:    It increases your rate of health regeneration.
Wands
 h - a wand of charming (5)
 y - a wand of mindburst (15)
 K - a wand of flame (12)
Scrolls
 j - a scroll of enchant weapon
 o - 3 scrolls of identify
 q - 3 scrolls of silence
 v - 3 scrolls of poison
 C - a scroll of enchant armour
 J - a scroll of teleportation
 Q - a scroll of revelation
 R - 3 scrolls of vulnerability
Potions
 e - a potion of enlightenment {unknown}
 f - 3 potions of heal wounds
 i - 3 potions of mutation
 k - 8 potions of curing
 m - a potion of magic {unknown}
 t - a potion of might {unknown}
 w - 2 potions of attraction
 z - 5 potions of lignification
 D - 2 potions of resistance
 G - a potion of degeneration
 H - a potion of cancellation {unknown}


   Skills:
 + Level 10.9 Fighting
 - Level 16.0 Ranged Weapons
 + Level 9.0 Armour
 - Level 10.0 Dodging
 - Level 1.5 Stealth


You had 13 spell levels left.
You didn't know any spells.
Your spell library contained the following spells:

 Spells                   Type           Power      Damage    Failure   Level
 Magic Dart               Conj           0%         1d3       89%         1
 Summon Small Mammal      Summ           0%         N/A       89%         1
 Blink                    Tloc           0%         N/A       96%         2
 Call Imp                 Summ           0%         N/A       96%         2
 Sublimation of Blood     Necr           0%         N/A       96%         2
 Call Canine Familiar     Summ           0%         N/A       99%         3
 Sigil of Binding         Hex            0%         N/A       99%         3
 Summon Blazeheart Golem  Fire/Summ      0%         N/A       100%        4
 Death Channel            Necr           0%         N/A       100%        6
 Dispersal                Tloc           0%         N/A       100%        6
 Gell's Gavotte           Tloc           0%         2d(11-16) 100%        6
 Sculpt Simulacrum        Ice/Alch       0%         N/A       100%        6
 Manifold Assault         Tloc           0%         N/A       100%        7
 Summon Hydra             Summ           0%         N/A       100%        7
 Disjunction              Tloc           0%         N/A       100%        8


Dungeon Overview and Level Annotations

Branches:
Dungeon (11/15)            Temple (1/1) D:5            Lair (5/5) D:8
 Shoals (0/4) Lair:3        Snake (0/4) Lair:2        Slime (0/5) Lair:4
    Orc (2/2) D:10        Gauntlet (visited)
    Elf: Orc:2

Altars:
Ashenzari
Cheibriados
Dithmenos
Fedhas
Gozag
Hepliaklqana
Kikubaaqudgha
Makhleb
Nemelex Xobeh
Okawaru
Qazlal
Ru
Sif Muna
Trog
Uskayaw
Vehumet
Wu Jian
Xom
Yredelemnul
Jiyva

Shops:
D:1 *   D:4 :   D:8 *   D:10 [   Lair:1 =   Lair:3 (

Annotations:
D:9 3 runed translucent doors
Orc:1 Saint Roka


Innate Abilities, Weirdness & Mutations

Your natural rate of healing is accelerated.
You have razor-sharp teeth.
You have supernaturally acute eyesight. (SInv)
You are afflicted with vampirism and can become a bat while bloodless.


Message History

You shoot a bolt.
The bolt hits Saint Roka but does no damage.
Saint Roka is lightly wounded.
Saint Roka struggles against the net.
You shoot a bolt. The bolt completely misses Saint Roka.
Saint Roka is no longer moving slowly.
Saint Roka invokes the aid of Beogh against you.
Beogh smites you!
Saint Roka struggles against the net.
You shoot a bolt. The bolt hits Saint Roka.
Saint Roka is lightly wounded.
Saint Roka struggles against the net.
The net rips apart, and Saint Roka comes free!
Throw: throwing net
Press: ? - help, Q - select action, (/) - cycle Shift-Dir - straight line, f/p - Saint Roka
Aim: Saint Roka, wielding a +3 battleaxe of flaming and wearing a +0 plate armour (lightly wounded, poisoned, 79% to hit)
You throw a throwing net.
The throwing net closely misses Saint Roka.
Saint Roka mumbles some strange prayers to Beogh against you.
Beogh smites you!
It was a potion of attraction.
You feel attractive to monsters.
Saint Roka hits you with a +3 battleaxe of flaming!
It was a potion of resistance.
You feel protected. Saint Roka closely misses you.
It was a potion of degeneration.
There was something very wrong with that liquid.
You feel weakened.
You feel dopey.
You feel clumsy.
Saint Roka hits you with a +3 battleaxe of flaming!!
* * * LOW HITPOINT WARNING * * *
You shoot a bolt.
The bolt hits Saint Roka but does no damage.
Saint Roka is lightly wounded.
Saint Roka looks more healthy.
Saint Roka hits you with a +3 battleaxe of flaming!!
* * * LOW HITPOINT WARNING * * *
Saint Roka burns you.
You die...
Saint Roka roars, "Praise to Beogh!"
Your body crumbles into a pile of gold.

#####.#.#### ###
##.##.....#.## ##.###
#....).#[#...## #....##
##.##.........#
#.....#######.).....#...#
#......#.##......#.##..##
##.#..............##...#
##........[[[...###..##
#.........[@[.........###
#.........o[).[.......#.##
#......[..[..............#
##......[(....##......##.##
#....##.##.....#.......###
##.########..)##......##
### ###.....##.##...#
##.#....#######.##
#.....### ###


You could see Saint Roka.

Vanquished Creatures
  An orc warlord (Orc:1)
  3 hydras
  4 catoblepae
  Erica (Lair:1)
  2 two-headed ogres
  7 death yaks (Lair:5)
  Sonja (D:10)
  An orc knight (Orc:1)
  3 manticores
  An obsidian bat (Orc:1)
  A kobold blastminer (D:10)
  24 elephants
  4 black mambas (Lair:1)
  A torpor snail (Lair:1)
  17 cane toads
  Jeremiah (D:7)
  A rime drake (Lair:1)
  An unseen horror (D:10)
  11 komodo dragons
  A troll (D:9)
  2 polar bears (Lair:5)
  Prince Ribbit (D:8)
  A wind drake (Lair:3)
  22 blink frogs
  2 hornets
  12 dream sheep
  Sigmund (D:2)
  4 wyverns
  A shadow (D:10)
  A wraith (D:8)
  7 basilisks
  4 wargs
  31 yaks
  3 vampire mosquitoes
  A steam dragon (D:6)
  6 nagas (Lair:2)
  An acid dragon (D:9)
  Duvessa (D:7)
  14 water moccasins
  19 orc warriors
  3 ice beasts
  4 black bears
  9 ogres
  A sky beast (D:8)
  10 wolves
  4 centaurs
  A phantom (D:5)
  5 kobold brigands
  14 bullfrogs
  A gnoll sergeant (D:7)
  4 scorpions
  6 wights
  Dowan (D:7)
  7 killer bees
  A howler monkey (D:8)
  2 electric eels (Lair:3)
  7 crimson imps
  4 jellies
  4 hounds
  2 bombardier beetles
  8 orc priests
  An iguana (D:7)
  Terence (D:2)
  19 orc wizards
  6 adders
  14 gnolls
  A shadow imp (D:8)
  10 white imps
  A dart slug (D:2)
  4 ribbon worms
  57 orcs
  3 bats
  6 endoplasms
  2 giant cockroaches
  9 goblins
  7 hobgoblins
  8 jackals
  26 kobolds
  2 quokkas
  4 ball pythons
  2 frilled lizards
  5 rats
506 creatures vanquished.

Notes
Turn   | Place    | Note
-------+----------+-------------------------------------------
     0 | D:1      | Bediveer the Vampire Hunter began the quest for the Orb.
     0 | D:1      | Reached XP level 1. HP: 16/16 MP: 1/1
   170 | D:1      | Reached XP level 2. HP: 22/22 MP: 2/2
   188 | D:1      | Found Alar's General Store.
   559 | D:1      | Gained mutation: You are afflicted with vampirism and can
                  | become a bat while bloodless. [Vampire growth]
   559 | D:1      | Reached XP level 3. HP: 28/28 MP: 3/3
   815 | D:2      | Reached skill level 4 in Ranged Weapons
   985 | D:2      | Reached XP level 4. HP: 17/34 MP: 4/4
  1039 | D:2      | Noticed Sigmund
  1054 | D:2      | Killed Sigmund
  1055 | D:2      | Reached skill level 5 in Ranged Weapons
  1055 | D:2      | Reached XP level 5. HP: 17/41 MP: 5/5
  1140 | D:2      | Noticed Terence
  1149 | D:2      | Killed Terence
  1150 | D:2      | Reached XP level 6. HP: 33/47 MP: 6/6
  1200 | D:2      | You fall into a shaft and drop 1 floor!
  1227 | D:3      | Reached skill level 6 in Ranged Weapons
  2074 | D:3      | Found a radiant altar of Vehumet.
  2434 | D:4      | Found Nehexog's Tremendous Tomes.
  3002 | D:5      | Entered Level 5 of the Dungeon
  3102 | D:5      | Reached XP level 7. HP: 29/52 MP: 7/7
  3162 | D:5      | Reached skill level 7 in Ranged Weapons
  3164 | D:5      | Found a snail-covered altar of Cheibriados.
  3197 | D:5      | Found a staircase to the Ecumenical Temple.
  3233 | Temple   | Entered the Ecumenical Temple
  3242 | Temple   | Became a worshipper of Gozag Ym Sagoz the Greedy
  3615 | D:6      | Reached skill level 8 in Ranged Weapons
  3669 | D:6      | Reached XP level 8. HP: 58/58 MP: 8/8
  3826 | D:6      | Reached skill level 9 in Ranged Weapons
  3991 | D:6      | Reached skill level 10 in Ranged Weapons
  4003 | D:6      | Reached XP level 9. HP: 33/63 MP: 9/9
  4579 | D:7      | Noticed Duvessa
  4586 | D:7      | Killed Duvessa
  4593 | D:7      | Noticed Dowan
  4595 | D:7      | Killed Dowan
  4704 | D:7      | Noticed Jeremiah
  4741 | D:7      | Killed Jeremiah
  4746 | D:7      | Reached skill level 11 in Ranged Weapons
  5275 | D:8      | Reached skill level 5 in Dodging
  5275 | D:8      | Reached XP level 10. HP: 73/73 MP: 10/10
  5355 | D:8      | Found a staircase to the Lair.
  5445 | D:8      | Found Zin's Purification Station.
  5497 | D:8      | Reached skill level 5 in Fighting
  5547 | D:8      | Identified the +6 flail "Noma" {vamp, rN+ rCorr}
  5777 | D:8      | Found a sacrificial altar of Ru.
  5781 | D:8      | Noticed Prince Ribbit
  5790 | D:8      | Killed Prince Ribbit
  6305 | D:9      | Reached skill level 12 in Ranged Weapons
  6350 | D:9      | Found an ancient bone altar of Kikubaaqudgha.
  6436 | D:9      | Found a shimmering altar of Xom.
  6476 | D:9      | Identified the +3 scale mail of Xutai {rF+ MP-9 Dex+3}
  6754 | D:9      | Found a runed translucent gate.
  6754 | D:9      | Found a runed translucent gate.
  6754 | D:9      | Found a runed translucent gate.
  6754 | D:9      | Noticed a cyan ugly thing
  6754 | D:9      | Noticed a white ugly thing
  6754 | D:9      | Noticed a cyan ugly thing
  6755 | D:9      | Noticed a glowing orange brain
  6755 | D:9      | Noticed a red ugly thing
  6779 | D:9      | Reached skill level 1 in Armour
  6992 | D:9      | Noticed a two-headed ogre
  6997 | D:9      | Killed a two-headed ogre
  7288 | D:10     | Entered Level 10 of the Dungeon
  7288 | D:10     | Noticed a two-headed ogre
  7295 | D:10     | Killed a two-headed ogre
  7296 | D:10     | Reached XP level 11. HP: 79/79 MP: 2/11
  7460 | D:10     | Noticed Sonja
  7478 | D:10     | Killed Sonja
  7796 | D:10     | Reached skill level 13 in Ranged Weapons
  7914 | D:10     | Found a staircase to the Orcish Mines.
  9399 | D:11     | Found a snail-covered altar of Cheibriados.
  9548 | D:10     | Bought a runed helmet for 232 gold pieces
  9548 | D:10     | Bought a pair of runed gloves for 232 gold pieces
  9669 | Lair:1   | Entered Level 1 of the Lair of Beasts
  9734 | Lair:1   | Noticed Erica
  9749 | Lair:1   | Killed Erica
 10070 | Lair:1   | Reached skill level 14 in Ranged Weapons
 10114 | Lair:1   | Reached skill level 5 in Armour
 10202 | Lair:1   | Reached XP level 12. HP: 69/86 MP: 3/12
 10277 | Lair:1   | Reached skill level 15 in Ranged Weapons
 10857 | Lair:2   | Noticed a seven-headed hydra
 10861 | Lair:2   | Killed a seven-headed hydra
 10969 | Lair:2   | Noticed a seven-headed hydra
 10976 | Lair:2   | Killed a seven-headed hydra
 10977 | Lair:2   | Reached skill level 16 in Ranged Weapons
 11571 | Lair:2   | Found a staircase to the Snake Pit.
 12246 | Lair:3   | Found a gate leading to a gauntlet.
 12255 | Gauntlet | Entered a Gauntlet
 12255 | Gauntlet | Found a transporter.
 12255 | Gauntlet | Found a runed translucent door.
 12262 | Gauntlet | Found a runed translucent door.
 12264 | Gauntlet | Found a transporter.
 12267 | Gauntlet | Found a transporter.
 12268 | Gauntlet | Found a transporter.
 12276 | Gauntlet | Found a transporter.
 12279 | Gauntlet | Found a transporter.
 12280 | Gauntlet | Found a transporter.
 12291 | Gauntlet | Noticed a tengu warrior
 12292 | Gauntlet | Found a transporter.
 12293 | Gauntlet | Found a transporter.
 12293 | Gauntlet | Found a transporter.
 12301 | Gauntlet | Found a transporter.
 12304 | Gauntlet | Found a transporter.
 12305 | Gauntlet | Found a transporter.
 12314 | Gauntlet | Found a transporter.
 12815 | Lair:3   | Reached XP level 13. HP: 77/94 MP: 4/13
 12960 | Lair:3   | Found a staircase to the Shoals.
 12962 | Lair:3   | Bought a +2 heavy arbalest for 261 gold pieces
 13500 | Lair:4   | Found a staircase to the Slime Pits.
 13500 | Lair:4   | Found a viscous altar of Jiyva.
 13778 | Lair:1   | Bought the amulet of Zuofua {rF+ Will+ Regen+} for 496 gold
                  | pieces
 14198 | Lair:4   | Reached skill level 10 in Dodging
 14439 | Lair:5   | Entered Level 5 of the Lair of Beasts
 15990 | Lair:5   | Reached XP level 14. HP: 98/109 MP: 5/14
 16223 | Lair:5   | Reached skill level 10 in Fighting
 17072 | Orc:1    | Entered Level 1 of the Orcish Mines
 17645 | Orc:2    | Entered Level 2 of the Orcish Mines
 17652 | Orc:2    | Noticed Saint Roka
 17980 | Orc:2    | Noticed an orc warlord
 18264 | Orc:1    | HP: 3/111 [orc warlord/+0 great sword (29)]
 18271 | Orc:1    | Killed an orc warlord
 18491 | Orc:1    | HP: 1/111 [Saint Roka/+3 battleaxe of flaming (19)]
 18491 | Orc:1    | Slain by Saint Roka

Illustrated notes

Levels and vault maps discovered:
D:1:      nzn_arrival_settlement, layout_loops_ring, serial_shops, shop
D:2:      layout_basic, dk_noncrumbling_3, uniq_terence, uniq_sigmund
D:3:      layout_basic, mainiacjoe_overflow_tiny_flanked,
          nicolae_overflow_crystal_walls, minmay_surrounded
D:4:      layout_cave_pools, nicolae_shop_i_like_big_books
D:5:      layout_basic, mainiacjoe_overflow_surrounded_room,
          minmay_temple_entry_grid, serial_glass, glass_columns_c,
          glass_columns_c, glass_columns_b, glass_columns_a, glass_columns_c,
          glass_columns_a, glass_columns_a, glass_columns_c,
          minmay_fountain_box, patterned_corridor
D:6:      minmay_recursive_quarters, layout_loops_ring, corexii_shack
D:7:      layout_loops_cross, minmay_crystal_room, uniq_jeremiah, uniq_duvessa
D:8:      layout_loops_ring, zin_purify, nicolae_ru_great_annihilating_truth,
          david_lair_shrubbed, serial_demonic, serial_demonic_a,
          serial_demonic_g, serial_demonic_g, serial_demonic_g, st_stairs_2,
          hangedman_abyss_or_decor_clamps, minmay_fire_ice_demons,
          uniq_prince_ribbit1
D:9:      layout_gridville, led_xom_imps, nicolae_kikubaaqudgha_miasma_corner,
          ploomutoo_gammafunk_ghost_potion_laboratory
D:10:     layout_irregular_city, david_orc_1_choice, dreamdust_princess_bridge,
          wad_floor_pattern_1, uniq_sonja
D:11:     layout_long_grid, slow_altar_1
Temple:   hellmonk_temple_two_chambers
Lair:1:   layout_loops_ring, st_stairs_5, nzn_random_ring, uniq_erica
Lair:2:   layout_chaotic_city, minmay_snake_entry_guardpost_medium,
          minivault_25, lemuel_fruit_tree, serial_bayou_shore_b,
          lemuel_fruit_fields
Lair:3:   layout_gridlike, minmay_shoals_entry_beasts, gauntlet_entry_generic,
          serial_bayou_shore_a
Lair:4:   layout_cave_pods, slime_entry_1
Lair:5:   evilmike_catoblepas_cave, layout_cave_pods, grunt_megastairs_2,
          infiniplex_staircase_pool_2
Orc:1:    layout_caves
Orc:2:    kennysheep_orc_mage_school, layout_diamond_mine, basic_altar,
          uniq_saint_roka

Skill      XL: |  1  2  3  4  5  6  7  8  9 10 11 12 13 14 |
---------------+-------------------------------------------+-----
Fighting       | 2 3 4 5 6 9 10 | 10.9
Ranged Weapons | 4 5 6 8 10 11 12 14 16 | 16.0
Dodging        | 5 6 8 10 | 10.0
Armour         | 2 5 7 9 |  9.0
Stealth        | |  1.5

Action                     |  1- 3 |  4- 6 |  7- 9 | 10-12 | 13-15 || total
---------------------------+-------+-------+-------+-------+-------++-------
   Fire: Shortbow          |   110 |   164 |       |       |       ||   274
         Orcbow            |       |       |   224 |   737 |    65 ||  1026
         Arbalest          |       |       |       |       |   383 ||   383
  Throw: Dart              |       |       |       |       |     4 ||     4
         Throwing net      |       |       |       |       |     2 ||     2
 Invoke: Call Merchant     |       |       |       |     2 |     1 ||     3
    Use: Scroll            |     3 |     3 |     3 |     7 |     8 ||    24
         Potion            |       |       |       |     2 |     9 ||    11
 Armour: Leather armour    |    29 |    41 |    30 |    47 |       ||   147
         Scale mail        |       |       |       |   287 |   434 ||   721
  Dodge: Dodged            |    38 |    34 |    23 |   260 |   421 ||   776

Table legend: (Time is in decaauts)
 A = Elapsed time spent in this place.
 B = Non-inter-level travel time spent in this place.
 C = Inter-level travel time spent in this place.
 D = Time resting spent in this place.
 E = Time spent auto-exploring this place.
 F = Levels seen in this place.
 G = Mean time per level.
                   A        B        C        D        E       F      G
               +--------+--------+--------+--------+--------+-----+--------+
         Total |  18936 |  17760 |   1176 |   3463 |  10987 |  20 |  946.8 |
       Dungeon |  10012 |   9433 |    579 |   1530 |   6386 |  11 |  910.2 |
        Temple |     18 |      2 |     16 |      0 |      0 |   1 |   18.0 |
          Lair |   7326 |   6781 |    545 |   1354 |   4112 |   5 | 1465.2 |
  Orcish Mines |   1338 |   1304 |     34 |    579 |    373 |   2 |  669.0 |
      Gauntlet |    239 |    239 |      0 |      0 |    116 |   1 |  239.0 |
               +--------+--------+--------+--------+--------+-----+--------+

Top non-repeatable levels by time:
    D:10: 2526 daAuts
  Lair:5: 2469 daAuts
  Lair:2: 1377 daAuts
  Lair:1: 1326 daAuts
   Orc:1: 1267 daAuts
     D:8: 1151 daAuts
     D:9: 1103 daAuts
  Lair:3: 1098 daAuts
  Lair:4: 1055 daAuts
     D:2: 1025 daAuts
     D:6: 811 daAuts
     D:1: 764 daAuts
     D:7: 719 daAuts
     D:4: 663 daAuts
     D:3: 599 daAuts
